 Dungeon Crawl Stone Soup version 0.22-a0-166-g5351223 (webtiles) character file.

11419 Gorice the Fencer (level 11, -6/97 HPs)
             Began as a Minotaur Fighter on Feb 12, 2018.
             Was a High Priest of Cheibriados.
             Killed from afar by an ogre mage (30 damage)
             ... with a bolt of poison
             ... on level 10 of the Dungeon on Feb 13, 2018.
             The game lasted 00:44:39 (12258 turns).

Gorice the Fencer (Minotaur Fighter)               Turns: 12258, Time: 00:44:39

Health: -6/97      AC: 12    Str: 36    XL:     11   Next: 49%
Magic:  12/12      EV:  7    Int: 21    God:    Cheibriados [*****.]
Gold:   589        SH: 12    Dex: 23    Spells: 10/10 levels left

rFire    . . .     SeeInvis .   a - +5 long sword
rCold    . . .     Gourm    .   c - +0 shield
rNeg     . . .     Faith    .   l - +1 chain mail
rPois    .         Spirit   .   (helmet restricted)
rElec    .         Reflect  .   (no cloak)
rCorr    .         Harm     .   (no gloves)
MR       .....                  (no boots)
Stlth    ..........             (no amulet)
HPRegen  0.26/turn              e - +2 ring of strength
MPRegen  0.13/turn              I - ring of stealth

@: lethally poisoned (-6 -> -14), very slow
A: retaliatory headbutt, horns 2
a: Bend Time, Temporal Distortion, Slouch, Step From Time, Renounce Religion


You were on level 10 of the Dungeon.
You worshipped Cheibriados.
Cheibriados was extremely pleased with you.
You were not hungry.

You visited 2 branches of the dungeon, and saw 11 of its levels.
You also visited: Ossuary.

You collected 589 gold pieces.

Inventory:

Hand Weapons
 a - a +5 long sword (weapon)
 b - a +0 hunting sling
 f - a +1 short sword of flaming
   (You took it off an orc on level 8 of the Dungeon)
 r - a +1 great sword of holy wrath
   (You found it on level 4 of the Dungeon)
 B - a +0 blowgun
 E - a cursed -3 great sword
Missiles
 n - 33 sling bullets
 Y - 329 stones (quivered)
 Z - 3 throwing nets
Armour
 c - a +0 shield (worn)
 l - a +1 chain mail (worn)
 m - a +0 scale mail
Jewellery
 e - a +2 ring of strength (left hand)
 I - a ring of stealth (right hand)
Wands
 u - a wand of flame (45)
 v - a wand of enslavement (24)
 D - a wand of acid (5)
 F - a wand of digging (12)
Scrolls
 o - 4 scrolls of enchant armour
 p - 5 scrolls of remove curse
 w - a scroll of teleportation {!r}
 x - 2 scrolls of blinking
 z - a scroll of fear {!r}
 C - 2 scrolls of holy word {!r}
 H - a scroll of magic mapping {!r}
Potions
 d - 2 potions of might {!q}
 g - 2 potions of flight
 h - a potion of ambrosia
 i - a potion of berserk rage
 j - 3 potions of haste {!q}
 k - a potion of brilliance {!q}
 q - a potion of cancellation {!q}
 s - 3 potions of mutation {!q}
 t - 8 potions of curing
Books
 y - a book of Flames
Comestibles
 A - 18 chunks of flesh
 G - 19 rations


   Skills:
 + Level 9.0 Fighting
 * Level 16.5 Long Blades
 - Level 10.1 Armour
 - Level 3.6 Shields
 + Level 3.0 Invocations


You had 10 spell levels left.
You didn't know any spells.

Dungeon Overview and Level Annotations

Branches:
Dungeon (10/15)            Temple (1/1) D:4
   Lair: D:8-11         Orc: D:9-12

Altars:
Ashenzari
Cheibriados
Dithmenos
Elyvilon
Fedhas
Gozag
Hepliaklqana
Kikubaaqudgha
Makhleb
Nemelex Xobeh
Okawaru
Qazlal
Ru
Sif Muna
Trog
Uskayaw
Vehumet
Wu Jian
Xom
Yredelemnul
Zin
The Shining One

Shops:
D:4 %


Innate Abilities, Weirdness & Mutations

You reflexively headbutt those who attack you in melee.
You have a pair of horns on your head.


Message History

Press: ? - help, Shift-Dir - straight line, f - you Really target yourself?
Okay, then.
You start resting.
Firing (i - inventory. (/) - cycle)
n - 34 sling bullets (quivered)
Press: ? - help, Shift-Dir - straight line, f - ogre mage
Aim: an ogre mage, wielding a halberd and wearing a robe You shoot a sling bullet.
The sling bullet hits the ogre mage.
The ogre mage is lightly wounded.
Evoke which item? (* to show all) (? for menu, Esc to quit)
Aiming: Corrosive Bolt
Press: ? - help, Shift-Dir - straight line, f/p - ogre mage
Aim: an ogre mage, wielding a halberd and wearing a robe (lightly wounded)
The bolt of acid hits the ogre mage.
The ogre mage is splashed with acid.
The ogre mage is moderately wounded.
Evoke which item? (* to show all) (? for menu, Esc to quit)
Aiming: Corrosive Bolt
Press: ? - help, Shift-Dir - straight line, f/p - ogre mage
Aim: an ogre mage, wielding a halberd and wearing a robe (moderately wounded)
The bolt of acid hits the ogre mage.
The ogre mage is splashed with acid.
The acid corrodes the ogre mage!
The ogre mage is heavily wounded.
The ogre mage casts a spell.
The ogre mage flickers and vanishes!
Deactivating autopickup; reactivate with Ctrl-A.
a - a +5 long sword (weapon)
Something hits you but does no damage.
You hear some strange, mumbled words.
You are confused.
Your shield and chain mail prevent you from hitting something.
You headbutt something!
You hear some strange, mumbled words.
A bolt of poison appears from out of thin air!
The bolt of poison hits you!
You are poisoned.
* * * LOW HITPOINT WARNING * * *
Damage: 16 (max 16)
You feel sick. Something hits you but does no damage.
Damage: 1 (max 16)
You feel better. Something hits you but does no damage.
Evoke which item? (* to show all) (? for menu, Esc to quit)
Okay, then.
Really read
z - 2 scrolls of fear {!r}?
As you read the scroll of fear {!r}, it crumbles to dust.
You assume a fearsome visage.
You hear some strange, mumbled words.
A bolt of poison appears from out of thin air!
The bolt of poison hits you!
You are poisoned.
You die...

.P.. .%..... .. .... .(...###..
.P(.. #.....#.....# [.(..
####(#..... ..... ....(.
#..(...#(# ....
.PP..(###()....(.#####...#
......(.#.(............#..
..#...÷#†)....#...#####..######
........)......@................
P♣......#......##'#........<#.#
...#....#......##.#######...#.#
.. #....######.##...........#.#
# ....... #.#######...#..#.#
###..... #.#######...##...#
#.###. #[......'...##...# #.
#########...##...# ##'###...#


There were no monsters in sight!

Vanquished Creatures
  Harold (D:10)
  3 two-headed ogres
  Psyche (D:9)
  A komodo dragon (D:10)
  A troll (D:10)
  4 slime creatures
  12 yaks
  A wyvern (D:9)
  A basilisk (D:10)
  Grum (D:9)
  Menkaure (D:5)
  Duvessa (D:5)
  3 porcupines (D:10)
  2 orc warriors (D:8)
  An ice beast (D:5)
  A black bear (D:7)
  A necrophage (D:8)
  2 phantoms
  2 crocodiles
  3 wolves (D:9)
  6 centaurs
  4 big kobolds
  2 elf zombies (Ossuary)
  6 bullfrogs
  Dowan (D:5)
  4 killer bees (D:7)
  7 scorpions
  2 wights (D:8)
  A howler monkey (D:6)
  3 electric eels (D:6)
  3 crimson imps
  A centaur zombie (D:8)
  A quasit (D:8)
  2 bullfrog zombies
  A human zombie (Ossuary)
  2 jellies
  5 hounds
  2 bullfrog skeletons
  7 orc priests
  8 orc wizards
  An iguana (D:6)
  6 worker ants
  A killer bee zombie (D:6)
  A hound zombie (Ossuary)
  A hound skeleton (D:4)
  4 mummies (Ossuary)
  2 worker ant zombies (D:5)
  4 gnolls
  8 adders
  2 shadow imps
  4 adder skeletons
  5 worms
  10 dart slugs
  11 leopard geckos
  38 orcs
  3 bats
  8 giant cockroaches
  3 gnoll zombies (Ossuary)
  18 goblins
  8 hobgoblins
  6 jackals
  13 kobolds
  4 quokkas
  A ball python (D:5)
  A ball python skeleton (D:4)
  2 frilled lizards
  A goblin zombie (Ossuary)
  A hobgoblin zombie (Ossuary)
  A jackal zombie (Ossuary)
  A leopard gecko skeleton (D:4)
  A quokka skeleton (D:4)
  5 rats
  2 rat zombies (Ossuary)
288 creatures vanquished.

Vanquished Creatures (others)
  A fungus (D:10)
  7 plants (D:10)
8 creatures vanquished.

Grand Total: 296 creatures vanquished

Notes
Turn   | Place    | Note
-------+----------+-------------------------------------------
     0 | D:1      | Gorice the Minotaur Fighter began the quest for the Orb.
     0 | D:1      | Reached XP level 1. HP: 19/19 MP: 0/0
    64 | D:1      | Reached skill level 3 in Long Blades
   129 | D:1      | Reached XP level 2. HP: 26/26 MP: 1/1
   252 | D:1      | Reached skill level 4 in Armour
  1190 | D:2      | Reached XP level 3. HP: 31/31 MP: 2/2
  1440 | D:2      | Found a burning altar of Makhleb.
  1607 | D:2      | Reached skill level 4 in Long Blades
  2245 | D:2      | Reached XP level 4. HP: 37/39 MP: 3/3
  2369 | D:3      | HP: 1/39 [orc priest/divine providence (14)]
  2374 | D:3      | HP: 10/39 [orc priest/divine providence (12)]
  2376 | D:3      | Reached skill level 5 in Long Blades
  2382 | D:3      | HP: 8/39 [orc/hand axe (3)]
  3062 | D:3      | Reached skill level 5 in Armour
  3062 | D:3      | Reached XP level 5. HP: 18/45 MP: 4/4
  3410 | D:3      | Reached skill level 6 in Long Blades
  3474 | D:3      | Noticed a centaur
  3484 | D:3      | Killed a centaur
  3484 | D:3      | Reached XP level 6. HP: 36/51 MP: 5/5
  3706 | D:3      | Found a shadowy altar of Dithmenos.
  4013 | D:3      | Upgraded the game from 0.22-a0-162-g33bf127 to 0.22-a0-166-g5351223
  4080 | D:4      | Found Raneygea's Food Boutique.
  4216 | D:4      | Reached skill level 7 in Long Blades
  4233 | D:4      | Reached skill level 6 in Armour
  4631 | D:4      | Found a staircase to the Ecumenical Temple.
  4650 | D:4      | Reached XP level 7. HP: 21/57 MP: 6/6
  4652 | D:4      | HP: 14/57 [orc wizard/puff of flame (6)]
  4675 | Temple   | Entered the Ecumenical Temple
  4751 | Temple   | Became a worshipper of Cheibriados the Contemplative
  5005 | D:4      | Reached skill level 8 in Long Blades
  5298 | D:5      | Entered Level 5 of the Dungeon
  5696 | D:5      | Reached skill level 7 in Armour
  5743 | D:5      | Reached skill level 9 in Long Blades
  5770 | D:5      | Reached * piety under Cheibriados
  5817 | D:5      | Noticed Duvessa
  5817 | D:5      | Noticed Dowan
  5825 | D:5      | Killed Duvessa
  5825 | D:5      | Reached XP level 8. HP: 42/64 MP: 7/7
  5842 | D:5      | Killed Dowan
  5905 | D:5      | Reached skill level 10 in Long Blades
  6025 | D:5      | Noticed Menkaure
  6034 | D:5      | Killed Menkaure
  6259 | D:5      | Reached skill level 8 in Armour
  7008 | D:6      | Reached skill level 11 in Long Blades
  7026 | D:6      | Reached ** piety under Cheibriados
  7274 | D:6      | Found a transporter.
  7283 | D:6      | Found a transporter.
  7305 | D:6      | Reached XP level 9. HP: 30/70 MP: 8/8
  7306 | D:6      | HP: 15/70 [electric eel/bolt of electricity (15)]
  7499 | D:6      | Reached skill level 9 in Armour
  7806 | D:6      | Found a sparkling altar of Nemelex Xobeh.
  8166 | D:7      | Reached skill level 12 in Long Blades
  8204 | D:7      | Reached *** piety under Cheibriados
  8314 | D:7      | Found a sand-covered staircase.
  8319 | Ossuary  | Entered an ossuary
  9438 | D:8      | Reached skill level 13 in Long Blades
  9438 | D:8      | Reached skill level 10 in Armour
  9857 | D:8      | Reached **** piety under Cheibriados
 10051 | D:8      | Reached skill level 4 in Fighting
 10315 | D:8      | Reached XP level 10. HP: 65/80 MP: 9/9
 10378 | D:9      | Noticed Grum
 10399 | D:9      | Killed Grum
 10399 | D:9      | Reached skill level 5 in Fighting
 10435 | D:9      | Noticed Psyche
 10442 | D:9      | Killed Psyche
 10442 | D:9      | Reached skill level 14 in Long Blades
 10562 | D:9      | Reached skill level 6 in Fighting
 10620 | D:9      | Noticed a two-headed ogre
 10629 | D:9      | Killed a two-headed ogre
 10629 | D:9      | Reached skill level 7 in Fighting
 10629 | D:9      | Reached skill level 15 in Long Blades
 10782 | D:9      | Found a burning altar of Makhleb.
 10902 | D:9      | Reached ***** piety under Cheibriados
 11317 | D:9      | Noticed a two-headed ogre
 11323 | D:9      | Killed a two-headed ogre
 11552 | D:10     | Entered Level 10 of the Dungeon
 11844 | D:9      | Reached XP level 11. HP: 94/94 MP: 10/10
 11854 | D:9      | Reached skill level 8 in Fighting
 12127 | D:10     | Reached skill level 16 in Long Blades
 12127 | D:10     | Reached skill level 1 in Invocations
 12129 | D:10     | Noticed a two-headed ogre
 12141 | D:10     | Killed a two-headed ogre
 12147 | D:10     | Reached skill level 2 in Invocations
 12148 | D:10     | Noticed Harold
 12162 | D:10     | Killed Harold
 12172 | D:10     | HP: 23/95 [porcupine's spines (9)]
 12188 | D:10     | HP: 11/95 [slime creature (9)]
 12189 | D:10     | Reached skill level 9 in Fighting
 12209 | D:10     | Reached skill level 3 in Invocations
 12245 | D:10     | Noticed an ogre mage
 12252 | D:10     | HP: 14/97 [something/bolt of poison (16)]
 12258 | D:10     | Killed from afar by an ogre mage

Vault maps used:
D:1:      lightli_arrival_noodles, minmay_misc_feat_rows,
          minmay_misc_feat_four_crosses
D:2:      kennysheep_the_goblin_king, bloody_makhleb
D:3:      marbit_many_paths, first_ration
D:4:      kennysheep_slugbush, minmay_temple_entry_nine_rooms,
          serial_corexii_hall, corexii_hall_statues_s, corexii_hall_statues_x,
          serial_shops, nicolae_shop_crystal
D:5:      serial_bayou, serial_bayou_pond_c, serial_bayou_pond_b,
          serial_bayou_pond_c, serial_bayou_shore_b, serial_bayou_pond_d,
          serial_bayou_lake_a, grunt_decor_fettered, uniq_menkaure, uniq_duvessa
D:6:      gammafunk_steamed_eel, gup_sewer_entry_pipe,
          nemelex_diamond_rough_becter
D:7:      enter_ossuary_2
D:8:      blue_anna_alchemist
D:9:      basic_altar, uniq_psyche, uniq_grum
D:10:     minmay_lair_entry_grove, kennysheep_orc_monster_closet_entryway,
          minmay_checkerbox, uniq_harold
Temple:   grunt_wide_crystal_templ
Ossuary:  ossuary_minmay_tomb_2a

Skill      XL: |  1  2  3  4  5  6  7  8  9 10 11 |
---------------+----------------------------------+-----
Long Blades    | 3 4 5 6 7 9 11 13 15 16 | 16.5
Armour         | 4 5 6 7 8 10 | 10.1
Fighting       | 4 7 9 |  9.0
Invocations    | 3 |  3.0
Shields        | |  3.6

Action                   |  1- 3 |  4- 6 |  7- 9 | 10-12 || total
-------------------------+-------+-------+-------+-------++-------
Melee: Long sword        |    77 |   189 |   409 |   139 ||   814
       Headbutt          |    10 |    37 |   117 |    52 ||   216
 Fire: Hunting sling     |       |       |    86 |    62 ||   148
Throw: Stone             |       |       |    26 |       ||    26
       Throwing net      |       |       |       |     2 ||     2
Evoke: Wand              |       |       |     4 |     4 ||     8
  Use: Scroll            |     4 |     1 |    11 |     7 ||    23
       Potion            |       |     1 |       |     1 ||     2
 Stab: Held in net/web   |       |       |       |     2 ||     2
  Eat: Chunk             |     4 |     8 |    11 |     1 ||    24
       Ration            |       |       |       |     1 ||     1
Armor: Scale mail        |    29 |    22 |       |       ||    51
       Chain mail        |       |    65 |   191 |    36 ||   292
Dodge: Dodged            |    18 |    46 |    80 |    29 ||   173
Block: Shield            |    36 |    94 |   209 |    82 ||   421
       Rpst.: Long sword |     2 |    13 |    21 |     7 ||    43

Table legend:
 A = Spawn XP
 B = Non-spawn XP
 C = Spawn XP percentage of total XP
 D = Spawn monster count
 E = Non-spawn monster count
 F = Spawn count percentage of total count
 G = Total turns spent on level
                    A         B        C        D         E        F      G
               +---------+---------+-------+---------+---------+-------+---------
         Total |       0 |   16313 |   0.0 |       0 |     288 |   0.0 | 12258
               +---------+---------+-------+---------+---------+-------+---------
           D:1 |       0 |      37 |   0.0 |       0 |      19 |   0.0 |   889
           D:2 |       0 |      62 |   0.0 |       0 |      18 |   0.0 |  1841
           D:3 |       0 |     352 |   0.0 |       0 |      37 |   0.0 |  1285
           D:4 |       0 |     406 |   0.0 |       0 |      28 |   0.0 |  1060
           D:5 |       0 |    1358 |   0.0 |       0 |      32 |   0.0 |  1695
           D:6 |       0 |     966 |   0.0 |       0 |      32 |   0.0 |  1068
           D:7 |       0 |     615 |   0.0 |       0 |      13 |   0.0 |   822
           D:8 |       0 |    1483 |   0.0 |       0 |      36 |   0.0 |  1327
           D:9 |       0 |    5998 |   0.0 |       0 |      29 |   0.0 |  1425
          D:10 |       0 |    4713 |   0.0 |       0 |      28 |   0.0 |   284
       Ossuary |       0 |     323 |   0.0 |       0 |      16 |   0.0 |   339
               +---------+---------+-------+---------+---------+-------+---------

Table legend:
 A = Turns spent in this place as a percentage of turns spent in the entire game.
 B = Non-inter-level travel turns spent in this place as a percentage of non-inter-level travel turns spent in the entire game.
 C = Inter-level travel turns spent in this place as a percentage of turns spent in this place.
 D = Turns resting spent in this place as a percentage of non-inter-level travel turns spent in this place.
 E = Turns spent auto-exploring this place as a percentage of non-inter-level travel turns spent in this place.
 F = Non-inter-level travel turns spent in this place divided by the number of levels of this place that you've seen.
                   A       B       C       D       E      F
               +-------+-------+-------+-------+-------+----------------------
         Total | 100.0 | 100.0 |   2.7 |  25.3 |  45.0 | 994.2
       Dungeon |  95.4 |  95.4 |   2.7 |  24.4 |  46.4 | 1137.7
        Temple |   1.8 |   1.8 |   3.6 |  63.7 |  33.0 | 215.0
       Ossuary |   2.8 |   2.8 |   0.0 |  30.1 |   3.2 | 339.0
               +-------+-------+-------+-------+-------+----------------------

Vault maps used:
D:1:      lightli_arrival_noodles, minmay_misc_feat_rows,
          minmay_misc_feat_four_crosses
D:2:      kennysheep_the_goblin_king, bloody_makhleb
D:3:      marbit_many_paths, first_ration
D:4:      kennysheep_slugbush, minmay_temple_entry_nine_rooms,
          serial_corexii_hall, corexii_hall_statues_s, corexii_hall_statues_x,
          serial_shops, nicolae_shop_crystal
D:5:      serial_bayou, serial_bayou_pond_c, serial_bayou_pond_b,
          serial_bayou_pond_c, serial_bayou_shore_b, serial_bayou_pond_d,
          serial_bayou_lake_a, grunt_decor_fettered, uniq_menkaure, uniq_duvessa
D:6:      gammafunk_steamed_eel, gup_sewer_entry_pipe,
          nemelex_diamond_rough_becter
D:7:      enter_ossuary_2
D:8:      blue_anna_alchemist
D:9:      basic_altar, uniq_psyche, uniq_grum
D:10:     minmay_lair_entry_grove, kennysheep_orc_monster_closet_entryway,
          minmay_checkerbox, uniq_harold
Temple:   grunt_wide_crystal_templ
Ossuary:  ossuary_minmay_tomb_2a
